[Event "ICC tourney 2075 (75 10)"]
[Site "Internet Chess Club"]
[Date "2020.10.25"]
[Round "4"]
[White "APBrain"]
[Black "chessplayer3740"]
[Result "1-0"]
[ICCResult "Black checkmated"]
[WhiteElo "1600"]
[BlackElo "1354"]
[Opening "Queen's pawn, Mason variation"]
[ECO "D00"]
[NIC "QP.08"]
[Time "11:02:29"]
[PlyCount "55"]
[TimeControl "4500+10"]

1. d4 d5 2. Bf4 Nf6 3. e3 Bf5 4. c4 e6 5. Nc3 Bd6 6. Bg3 O-O 7. Nf3 Nc6 8.
c5 Bxg3 9. hxg3 a6 10. Bd3 h6 11. Bxf5 exf5 12. Nh4 g6 13. Qe2 Nxd4 14. Qd2
Ne6 15. f3 Ng5 16. O-O-O c6 17. Rh2 Kg7 18. Rdh1 Rh8 19. Ne2 Nh5 20. Nxf5+
gxf5 21. Rxh5 Qf6 22. Nd4 Kg6 23. Qd3 Qe7 24. Nxf5 Qxc5+ 25. Kb1 Kf6 26.
Rxh6+ Rxh6 27. Rxh6+ Ke5 28. f4# { Black checkmated } 1-0

[Event "ICC tourney 2075 (75 10)"]
[Site "Internet Chess Club"]
[Date "2020.10.25"]
[Round "4"]
[White "FlowingMelody"]
[Black "Kfprasanna"]
[Result "0-1"]
[ICCResult "White checkmated"]
[WhiteElo "1312"]
[BlackElo "1381"]
[Opening "Ruy Lopez: classical (Cordel) defense"]
[ECO "C64"]
[NIC "RL.01"]
[Time "11:02:27"]
[PlyCount "52"]
[TimeControl "4500+10"]

1. e4 e5 2. Nf3 Nc6 3. Bb5 Bc5 4. O-O d6 5. c3 Bd7 6. d4 exd4 7. cxd4 Bb6
8. Nc3 a6 9. Ba4 Ba7 10. Bb3 Nge7 11. Ng5 O-O 12. Qh5 h6 13. Nxf7 Rxf7 14.
Qxf7+ Kh8 15. d5 Ne5 16. Qf4 N7g6 17. Qd2 Qh4 18. Bd1 Bg4 19. Ne2 Rf8 20.
Nd4 Bxd1 21. Qxd1 Ng4 22. h3 Nxf2 23. Qd2 Bxd4 24. Qxd4 Nxh3+ 25. Kh2 Nf2+
26. Kg1 Qh1# { White checkmated } 0-1

[Event "ICC tourney 2075 (75 10)"]
[Site "Internet Chess Club"]
[Date "2020.10.25"]
[Round "4"]
[White "ethanpu"]
[Black "aakashjr"]
[Result "1-0"]
[ICCResult "Black resigns"]
[WhiteElo "1374"]
[BlackElo "1487"]
[Opening "Scandinavian: Marshall variation"]
[ECO "B01"]
[NIC "SD.03"]
[Time "11:02:28"]
[PlyCount "67"]
[TimeControl "4500+10"]

1. e4 d5 2. exd5 Nf6 3. d4 Nxd5 4. c4 Nf6 5. Nc3 Bf5 6. Nf3 e6 7. Bd3 Bxd3
8. Qxd3 Nc6 9. O-O Bd6 10. Bg5 O-O 11. d5 Ne5 12. Nxe5 Bxe5 13. Qf3 Bxc3
14. bxc3 exd5 15. Rfd1 c6 16. cxd5 cxd5 17. c4 d4 18. Qxb7 Rc8 19. Rac1 h6
20. Be3 Qa5 21. Bxd4 Qxa2 22. c5 Qe2 23. c6 Nd5 24. Bxg7 Kxg7 25. Rxd5 Rfe8
26. h3 Qe4 27. Qb2+ Kg8 28. Qd2 Kg7 29. c7 Qe7 30. Rd3 Rxc7 31. Rg3+ Kh7
32. Qd3+ Kh8 33. Qd4+ f6 34. Rxc7 { Black resigns } 1-0

[Event "ICC tourney 2075 (75 10)"]
[Site "Internet Chess Club"]
[Date "2020.10.25"]
[Round "4"]
[White "georgianknight"]
[Black "dangdang2000"]
[Result "1/2-1/2"]
[ICCResult "Game drawn by mutual agreement"]
[WhiteElo "1468"]
[BlackElo "1200"]
[Opening "Scotch: Potter variation"]
[ECO "C45"]
[NIC "SO.05"]
[Time "11:02:27"]
[PlyCount "66"]
[TimeControl "4500+10"]

1. e4 e5 2. Nf3 Nc6 3. d4 exd4 4. Nxd4 Bc5 5. Nb3 Bb6 6. Nc3 d6 7. Bc4 Nge7
8. O-O O-O 9. Re1 Ne5 10. Bd3 N7g6 11. Nd5 Re8 12. Nxb6 axb6 13. f4 Nxd3
14. cxd3 Qh4 15. Rf1 c5 16. f5 Ne5 17. Bf4 Ra4 18. Bg3 Qf6 19. Nxc5 Rd4 20.
Bf2 bxc5 21. Bxd4 cxd4 22. Rc1 Qh4 23. Qc2 h6 24. Qa4 Bd7 25. Qxd4 Qf6 26.
Qc3 Rc8 27. Qd2 Re8 28. h3 Nc6 29. Qc3 Nd4 30. Qd2 Qe5 31. Kh1 d5 32. Rfe1
Qd6 33. Rcd1 Bc6 { Game drawn by mutual agreement } 1/2-1/2

[Event "ICC tourney 2075 (75 10)"]
[Site "Internet Chess Club"]
[Date "2020.10.25"]
[Round "4"]
[White "mmoss2932"]
[Black "jason54312"]
[Result "1-0"]
[ICCResult "Black resigns"]
[WhiteElo "1707"]
[BlackElo "1548"]
[Opening "QGD Slav: 4.Nc3"]
[ECO "D15"]
[NIC "SL.03"]
[Time "11:02:36"]
[PlyCount "103"]
[TimeControl "4500+10"]

1. d4 d5 2. c4 c6 3. Nc3 Nf6 4. Nf3 Bf5 5. Qb3 Qb6 6. cxd5 Qxb3 7. axb3
Nxd5 8. Kd1 e6 9. e3 Bd6 10. Be2 Nd7 11. Nd2 c5 12. e4 Nxc3+ 13. bxc3 Bg6
14. Ba3 a6 15. Bf3 Be7 16. h4 h6 17. Ke2 cxd4 18. cxd4 Bxa3 19. Rxa3 e5 20.
d5 Rd8 21. Rc1 Nb6 22. Nc4 Nxc4 23. bxc4 Ke7 24. c5 Rc8 25. Rb3 Rb8 26. Ke3
h5 27. Rb6 Kd7 28. Bd1 Rhc8 29. Ba4+ Kc7 30. Rd6 b5 31. Rc6+ Kd7 32. Rxc8
Rxc8 33. Bd1 Rd8 34. Be2 Kc7 35. Bd3 Rc8 36. Kd2 Rd8 37. f3 Rc8 38. Kc3 Rd8
39. Kb4 Rc8 40. Ra1 Kb7 41. Rf1 f6 42. f4 Rd8 43. Rf3 exf4 44. Rxf4 Re8 45.
g4 Re5 46. Ka5 Re7 47. c6+ Ka7 48. d6 Re6 49. d7 Rd6 50. c7 Rd4 51. Bxb5
axb5 52. c8=Q { Black resigns } 1-0

[Event "ICC tourney 2075 (75 10)"]
[Site "Internet Chess Club"]
[Date "2020.10.25"]
[Round "4"]
[White "kinpin007"]
[Black "kgeisenman32"]
[Result "0-1"]
[ICCResult "White resigns"]
[WhiteElo "1506"]
[BlackElo "1419"]
[Opening "QGD Slav defense"]
[ECO "D10"]
[NIC "SL.01"]
[Time "11:02:25"]
[PlyCount "74"]
[TimeControl "4500+10"]

1. d4 d5 2. c4 c6 3. e3 Nf6 4. Nc3 Bf5 5. Nf3 e6 6. Nh4 Bg6 7. Nxg6 hxg6 8.
Bd2 Bd6 9. cxd5 exd5 10. h3 Nbd7 11. Be2 Qe7 12. Qc2 a6 13. a3 Rc8 14. Qb3
Rb8 15. Qc2 Bc7 16. Na2 Ne4 17. Nc3 Ndf6 18. Nxe4 Nxe4 19. Bb4 Qf6 20. Bf3
Ng5 21. Bxd5 Rc8 22. Bb3 a5 23. Bc3 O-O 24. h4 Nh7 25. O-O-O Rfd8 26. Qe2
c5 27. Kb1 cxd4 28. Bxd4 Be5 29. Bxe5 Qxe5 30. Rxd8+ Rxd8 31. Rd1 Qe4+ 32.
Ka2 Rxd1 33. Qxd1 Qxg2 34. Qe1 b6 35. f4 Qh3 36. Bd5 Nf6 37. Bc6 Qe6+ {
White resigns } 0-1

[Event "ICC tourney 2075 (75 10)"]
[Site "Internet Chess Club"]
[Date "2020.10.25"]
[Round "4"]
[White "sganzb00"]
[Black "joeandjoe28"]
[Result "0-1"]
[ICCResult "White checkmated"]
[WhiteElo "1391"]
[BlackElo "1393"]
[Opening "Ruy Lopez: four knights (Tarrasch) variation"]
[ECO "C77"]
[NIC "RL.12"]
[Time "11:02:37"]
[PlyCount "172"]
[TimeControl "4500+10"]

1. e4 e5 2. Nf3 Nc6 3. Bb5 a6 4. Ba4 Nf6 5. Nc3 b5 6. Bb3 Be7 7. a3 d6 8.
h3 O-O 9. O-O Bb7 10. d3 h6 11. Be3 Re8 12. Ne2 Nh5 13. c3 Bf8 14. Ng3 Nxg3
15. fxg3 Be7 16. d4 Bf6 17. Bd5 Rb8 18. Nh4 Ne7 19. Qf3 Nxd5 20. exd5 e4
21. Qf5 Qe7 22. Qf2 Bxh4 23. gxh4 Bxd5 24. Qg3 Kh7 25. Rf2 Bc4 26. Re1 Qd7
27. Qf4 Re7 28. Rb1 d5 29. Kh1 Rb6 30. Qg3 Rg6 31. Qh2 Qd6 32. Qxd6 Rxd6
33. Rd1 Kg6 34. Rdd2 Rf6 35. g4 Rf3 36. h5+ Kh7 37. Rxf3 exf3 38. Bf4 c6
39. Rf2 Be2 40. Kh2 g6 41. hxg6+ fxg6 42. Be5 g5 43. Kg3 Kg6 44. h4 Rf7 45.
hxg5 Kxg5 46. Kh3 h5 47. gxh5 Kxh5 48. Kg3 Rf8 49. Rh2+ Kg5 50. Kf2 Rg8 51.
Ke3 Kf5 52. Rh5+ Kg4 53. Rh1 Rf8 54. Kf2 Kf5 55. Ke3 Kg4 56. Kf2 Kf5 57.
Ke3 Rg8 58. Rh5+ Ke6 59. Rh6+ Kd7 60. Rh7+ Kd8 61. Rf7 Rg2 62. Rf6 Bd1 63.
Rxc6 Rxb2 64. Bg3 Re2+ 65. Kf4 f2 66. Bxf2 Rxf2+ 67. Ke3 Rf3+ 68. Kd2 Bb3
69. Rxa6 Kc7 70. Re6 Rf2+ 71. Kd3 Bc4+ 72. Ke3 Re2+ 73. Kf4 Rxe6 74. Kf3
Kd7 75. Kf4 Re4+ 76. Kf3 Ke6 77. Kf2 Kf5 78. Kf3 Be2+ 79. Kf2 Kf4 80. Ke1
Bc4+ 81. Kd2 Re2+ 82. Kc1 Ke3 83. Kb1 Kd3 84. Kc1 Bb3 85. Kb1 Kxc3 86. Kc1
Re1# { White checkmated } 0-1

[Event "ICC tourney 2075 (75 10)"]
[Site "Internet Chess Club"]
[Date "2020.10.25"]
[Round "5"]
[White "Jeffchess"]
[Black "sganzb00"]
[Result "1-0"]
[ICCResult "Black checkmated"]
[WhiteElo "1313"]
[BlackElo "1304"]
[Opening "Four knights: Italian variation"]
[ECO "C47"]
[NIC "KP.06"]
[Time "14:31:56"]
[PlyCount "47"]
[TimeControl "4500+10"]

1. e4 e5 2. Nf3 Nc6 3. Nc3 Nf6 4. Bc4 Be7 5. Bxf7+ Kxf7 6. Nxe5+ Nxe5 7. d3
Rf8 8. f4 Ng6 9. e5 Ne8 10. O-O Kg8 11. Qf3 Nxe5 12. Qe4 Nc6 13. Qd5+ Kh8
14. Ne4 Nf6 15. Nxf6 Bxf6 16. g4 d6 17. f5 Re8 18. Qf7 Ne5 19. Qh5 Bd7 20.
g5 Be7 21. g6 h6 22. Bxh6 Rf8 23. Bg5+ Kg8 24. Qh7# { Black checkmated }
1-0

[Event "ICC tourney 2075 (75 10)"]
[Site "Internet Chess Club"]
[Date "2020.10.25"]
[Round "5"]
[White "yogokings12"]
[Black "georgianknight"]
[Result "1-0"]
[ICCResult "Black checkmated"]
[WhiteElo "1678"]
[BlackElo "1446"]
[Opening "Sicilian: Najdorf, 7.f4"]
[ECO "B96"]
[NIC "SI.06"]
[Time "14:31:36"]
[PlyCount "99"]
[TimeControl "4500+10"]

1. e4 c5 2. Nf3 d6 3. d4 cxd4 4. Nxd4 Nf6 5. Nc3 a6 6. Bg5 e6 7. f4 Nbd7 8.
Qf3 Qc7 9. O-O-O b5 10. g4 Be7 11. Bxf6 Bxf6 12. Bxb5 axb5 13. Ndxb5 Qb8
14. Nxd6+ Kf8 15. e5 Be7 16. Nxc8 Qxc8 17. Rxd7 Qxd7 18. Qxa8+ Qd8 19.
Qxd8+ Bxd8 20. Rd1 Ke7 21. Ne4 Bc7 22. Nd6 Rd8 23. c4 Bxd6 24. Rxd6 Rxd6
25. exd6+ Kxd6 26. a4 Kc5 27. a5 Kc6 28. b4 Kb7 29. b5 Ka7 30. c5 Kb7 31.
a6+ Ka7 32. c6 Kb6 33. Kc2 f6 34. Kd3 g6 35. Ke4 h6 36. h4 g5 37. hxg5 f5+
38. gxf5 exf5+ 39. Kxf5 h5 40. g6 h4 41. Kg4 h3 42. Kxh3 Kxb5 43. c7 Kxa6
44. c8=Q+ Kb6 45. g7 Kb5 46. g8=Q Kb4 47. Qgf8+ Ka5 48. Qfc5+ Ka4 49. Qa6+
Kb3 50. Qaa3# { Black checkmated } 1-0

[Event "ICC tourney 2075 (75 10)"]
[Site "Internet Chess Club"]
[Date "2020.10.25"]
[Round "5"]
[White "SunnyDays0"]
[Black "vihaan2011"]
[Result "1-0"]
[ICCResult "Black checkmated"]
[WhiteElo "1188"]
[BlackElo "1292"]
[Opening "Queen's pawn, Mason variation"]
[ECO "D00"]
[NIC "QP.08"]
[Time "14:31:52"]
[PlyCount "47"]
[TimeControl "4500+10"]

1. d4 d5 2. Bf4 Nf6 3. e3 e6 4. Nf3 Bd6 5. Bd3 Bxf4 6. exf4 O-O 7. O-O h6
8. Ne5 Nbd7 9. Re1 Nxe5 10. fxe5 Nd7 11. Re3 Qh4 12. Rg3 c5 13. Rg4 Qe7 14.
c3 cxd4 15. cxd4 f6 16. f4 f5 17. Rg3 Qf7 18. Nd2 Kh7 19. Rc1 Nb6 20. b3
Bd7 21. Nf3 Rg8 22. Ng5+ hxg5 23. Rh3+ Kg6 24. Qh5# { Black checkmated }
1-0

[Event "ICC tourney 2075 (75 10)"]
[Site "Internet Chess Club"]
[Date "2020.10.25"]
[Round "5"]
[White "joeandjoe28"]
[Black "jason54312"]
[Result "0-1"]
[ICCResult "White checkmated"]
[WhiteElo "1388"]
[BlackElo "1561"]
[Opening "Ruy Lopez: Marshall counter-attack, 11...c6"]
[ECO "C89"]
[NIC "RL.17"]
[Time "14:31:50"]
[PlyCount "82"]
[TimeControl "4500+10"]

1. e4 e5 2. Nf3 Nc6 3. Bb5 a6 4. Ba4 Nf6 5. O-O Be7 6. Re1 b5 7. Bb3 O-O 8.
c3 d5 9. exd5 Nxd5 10. Nxe5 Nxe5 11. Rxe5 c6 12. d3 Bd6 13. Re1 Qh4 14. g3
Qh3 15. Re4 Nf6 16. Rh4 Qf5 17. Be3 g5 18. g4 Nxg4 19. Rh5 Bf4 20. Qf3
Bxh2+ 21. Kg2 Qxf3+ 22. Kxf3 h6 23. Kg2 Bd6 24. Nd2 Kg7 25. Bd4+ Be5 26.
Bxe5+ Nxe5 27. d4 Nd3 28. Kf3 Be6 29. Rb1 Bxb3 30. Nxb3 Nf4 31. Rhh1 Rh8
32. Rhe1 h5 33. Re5 f6 34. Rc5 h4 35. Rxc6 h3 36. Rc7+ Kg6 37. Nc5 h2 38.
Rh1 Rh3+ 39. Ke4 Re8+ 40. Re7 Rxe7+ 41. Ne6 Rxe6# { White checkmated } 0-1

[Event "ICC tourney 2075 (75 10)"]
[Site "Internet Chess Club"]
[Date "2020.10.25"]
[Round "5"]
[White "ajiteshgari"]
[Black "FlowingMelody"]
[Result "1/2-1/2"]
[ICCResult "Game drawn by mutual agreement"]
[WhiteElo "1431"]
[BlackElo "1315"]
[Opening "Giuoco Pianissimo: Canal variation"]
[ECO "C50"]
[NIC "IG.02"]
[Time "14:31:40"]
[PlyCount "99"]
[TimeControl "4500+10"]

1. e4 e5 2. Nf3 Nc6 3. Bc4 Bc5 4. d3 d6 5. Bg5 Nf6 6. Nc3 Be6 7. Nd5 Bxd5
8. exd5 Nd4 9. Nxd4 Bxd4 10. c3 Bc5 11. Bb5+ Kf8 12. O-O a6 13. Bc4 h6 14.
Bh4 g5 15. Bg3 h5 16. h3 h4 17. Bh2 Nh5 18. Qf3 Qf6 19. Qxf6 Nxf6 20. Rad1
b5 21. Bb3 a5 22. c4 b4 23. Bc2 Bd4 24. b3 g4 25. Kh1 gxh3 26. gxh3 Rg8 27.
f4 Nh5 28. fxe5 dxe5 29. Rf3 Ng3+ 30. Bxg3 Rxg3 31. Rxg3 hxg3 32. Kg2 Bf2
33. Rf1 Ke7 34. Bd1 Kd6 35. Bh5 f6 36. Bf3 a4 37. h4 axb3 38. axb3 Rh8 39.
h5 f5 40. Rh1 Rh6 41. Ra1 Kc5 42. Ra7 Kb6 43. Ra4 Be1 44. Ra1 Bc3 45. Rh1
f4 46. Be4 Kc5 47. Kf3 Bd2 48. Kg4 Kd4 49. Rd1 Be3 50. Re1 { Game drawn by
mutual agreement } 1/2-1/2

[Event "ICC tourney 2075 (75 10)"]
[Site "Internet Chess Club"]
[Date "2020.10.25"]
[Round "5"]
[White "aakashjr"]
[Black "kinpin007"]
[Result "1-0"]
[ICCResult "Black resigns"]
[WhiteElo "1504"]
[BlackElo "1489"]
[Opening "Caro-Kann: advance variation"]
[ECO "B12"]
[NIC "CK.04"]
[Time "14:31:36"]
[PlyCount "45"]
[TimeControl "4500+10"]

1. e4 c6 2. d4 d5 3. e5 Bf5 4. h4 h6 5. g4 Bg6 6. h5 Bh7 7. e6 fxe6 8. Bd3
Bxd3 9. Qxd3 Nf6 10. Qg6+ Kd7 11. Nf3 Qe8 12. Ne5+ Kc8 13. Nf7 Rg8 14. g5
hxg5 15. Bxg5 Nbd7 16. Rh3 b6 17. Re3 Kb7 18. Rxe6 c5 19. Bxf6 Nxf6 20.
dxc5 Qb5 21. c6+ Ka6 22. Nc3 Qxb2 23. Qd3+ { Black resigns } 1-0

[Event "ICC tourney 2075 (75 10)"]
[Site "Internet Chess Club"]
[Date "2020.10.25"]
[Round "5"]
[White "mmoss2932"]
[Black "ethanpu"]
[Result "0-1"]
[ICCResult "White resigns"]
[WhiteElo "1634"]
[BlackElo "1385"]
[Opening "QGD: Neo-orthodox variation, 7.Bh4"]
[ECO "D56"]
[NIC "QO.13"]
[Time "14:31:42"]
[PlyCount "64"]
[TimeControl "4500+10"]

1. d4 d5 2. c4 e6 3. Nc3 Nf6 4. Bg5 Be7 5. Nf3 O-O 6. e3 h6 7. Bh4 Nbd7 8.
Rc1 dxc4 9. Bxc4 a6 10. O-O b5 11. Bd3 Bb7 12. a3 c5 13. dxc5 Nxc5 14. Be2
Qxd1 15. Rcxd1 Rfd8 16. Nd4 Rac8 17. Bf3 Bxf3 18. Nxf3 Nd3 19. Rb1 Nxb2 20.
Nxb5 Nc4 21. Bxf6 Bxf6 22. Nbd4 Bxd4 23. Nxd4 Nd2 24. Rfc1 Nxb1 25. Rxb1
Rc3 26. g3 Rxa3 27. Nc6 Ra8 28. Rb7 a5 29. Ne5 a4 30. Nxf7 Ra1+ 31. Kg2 a3
32. Ne5 a2 { White resigns } 0-1

[Event "ICC tourney 2075 (75 10)"]
[Site "Internet Chess Club"]
[Date "2020.10.25"]
[Round "5"]
[White "chessplayer3740"]
[Black "Yamato1945"]
[Result "1-0"]
[ICCResult "Black resigns"]
[WhiteElo "1414"]
[BlackElo "1420"]
[Opening "Caro-Kann defense"]
[ECO "B15"]
[NIC "CK.05"]
[Time "14:31:42"]
[PlyCount "68"]
[TimeControl "4500+10"]

1. e4 c6 2. d4 d5 3. Nc3 e6 4. a3 Nf6 5. e5 Nfd7 6. Nf3 h6 7. Bd3 c5 8.
dxc5 Bxc5 9. O-O Nc6 10. Re1 a6 11. b4 Ba7 12. Bb2 b5 13. Qd2 Qc7 14. Nd1
Bb6 15. a4 bxa4 16. Rxa4 Bb7 17. Bc3 O-O 18. b5 d4 19. Nxd4 Ncxe5 20. bxa6
Bxd4 21. Rxd4 Nxd3 22. Rxd3 Rxa6 23. Rxd7 Qc6 24. f3 Ra3 25. Bb4 Qb6+ 26.
Qd4 Qxd4+ 27. Rxd4 Ra2 28. Bxf8 Kxf8 29. Re2 Ba6 30. Red2 Bb5 31. Nc3 Ra1+
32. Rd1 Rxd1+ 33. Nxd1 Ba4 34. Rxa4 Ke7 { Black resigns } 1-0

[Event "ICC tourney 2075 (75 10)"]
[Site "Internet Chess Club"]
[Date "2020.10.25"]
[Round "5"]
[White "MehPlayer"]
[Black "APBrain"]
[Result "1/2-1/2"]
[ICCResult "Game drawn by mutual agreement"]
[WhiteElo "1615"]
[BlackElo "1594"]
[Opening "Queen's pawn, Mason variation"]
[ECO "D00"]
[NIC "QP.08"]
[Time "14:31:35"]
[PlyCount "116"]
[TimeControl "4500+10"]

1. d4 d5 2. Bf4 Nf6 3. e3 e6 4. Nf3 c5 5. c3 Nc6 6. Bd3 Bd6 7. Bg3 O-O 8.
Nbd2 c4 9. Bc2 Re8 10. Ne5 Bxe5 11. dxe5 Nd7 12. f4 f6 13. Qh5 f5 14. Bh4
Ne7 15. O-O Nf8 16. Qe2 Nfg6 17. Bf2 Bd7 18. Nf3 Nc6 19. h3 b5 20. g4 Nce7
21. Nd4 a5 22. gxf5 Nxf5 23. Bxf5 exf5 24. Kh2 Ra6 25. Qh5 Ne7 26. Rg1 Kh8
27. Qf7 Ng6 28. Qxd5 Qe7 29. Qf3 Rc8 30. Qh5 Qf7 31. Qf3 Bc6 32. Nxc6 Raxc6
33. Rad1 b4 34. Qd5 Qc7 35. Qd7 Qxd7 36. Rxd7 bxc3 37. bxc3 Kg8 38. h4 R8c7
39. Rxc7 Rxc7 40. Rb1 Rd7 41. e6 Re7 42. Rb8+ Nf8 43. Rb5 Nxe6 44. Rxa5 g6
45. Ra4 Rc7 46. Rb4 Ra7 47. a4 Rc7 48. a5 Kf7 49. a6 Nc5 50. Rxc4 Nxa6 51.
Rxc7+ Nxc7 52. Kg3 Ke6 53. Kf3 Kd5 54. Be1 Ne6 55. Ke2 Kc4 56. Kf2 Nc5 57.
Kf3 Ne4 58. Ke2 h5 { Game drawn by mutual agreement } 1/2-1/2

[Event "ICC tourney 2075 (75 10)"]
[Site "Internet Chess Club"]
[Date "2020.10.25"]
[Round "5"]
[White "Kfprasanna"]
[Black "VirginiaGuy"]
[Result "0-1"]
[ICCResult "White resigns"]
[WhiteElo "1365"]
[BlackElo "1388"]
[Opening "Four knights: Italian variation"]
[ECO "C47"]
[NIC "RG.01"]
[Time "14:31:37"]
[PlyCount "110"]
[TimeControl "4500+10"]

1. e4 e5 2. Nf3 Nf6 3. Nc3 Nc6 4. Bc4 Be7 5. d3 O-O 6. Bg5 d6 7. h3 Na5 8.
Bb3 Nxb3 9. axb3 Be6 10. O-O Nd7 11. Bxe7 Qxe7 12. Re1 Nf6 13. Qe2 Qd8 14.
d4 exd4 15. Nxd4 Bd7 16. Qf3 Re8 17. Nf5 a6 18. Rad1 Bxf5 19. exf5 Rxe1+
20. Rxe1 d5 21. Rd1 c6 22. g4 Qe7 23. Qd3 Re8 24. Qd2 Ne4 25. Nxe4 Qxe4 26.
Qc3 Qe2 27. Rc1 Qe5 28. Kf1 Qh2 29. Qf3 Qe5 30. Qc3 Qh2 31. Qf3 Qe5 32. Rb1
Qe4 33. Qxe4 Rxe4 34. Re1 Rxe1+ 35. Kxe1 Kf8 36. Ke2 Ke7 37. Ke3 h6 38. h4
f6 39. f4 Kd6 40. b4 b6 41. c3 c5 42. bxc5+ bxc5 43. Kd3 a5 44. Kc2 Kc6 45.
b3 Kb5 46. Kd3 c4+ 47. bxc4+ dxc4+ 48. Kc2 Kc5 49. Kb2 Kd5 50. Ka3 Ke4 51.
Ka4 Kd3 52. Kxa5 Kxc3 53. Ka4 Kd2 54. Ka3 c3 55. Ka2 c2 { White resigns }
0-1

[Event "ICC tourney 2075 (75 10)"]
[Site "Internet Chess Club"]
[Date "2020.10.25"]
[Round "5"]
[White "riachuvspikachu"]
[Black "narayan0811"]
[Result "0-1"]
[ICCResult "White checkmated"]
[WhiteElo "1589"]
[BlackElo "1385"]
[Opening "French: exchange variation"]
[ECO "C01"]
[NIC "FR.01"]
[Time "14:31:41"]
[PlyCount "82"]
[TimeControl "4500+10"]

1. e4 e6 2. d4 d5 3. exd5 exd5 4. Bd3 Nc6 5. Nf3 Bg4 6. O-O Nxd4 7. Be2
Nxf3+ 8. Bxf3 Be6 9. Re1 c6 10. Bg4 Qd7 11. f4 O-O-O 12. Bxe6 fxe6 13. Qg4
Bc5+ 14. Kh1 Nf6 15. Qh3 Ne4 16. Be3 Qd6 17. Bxc5 Qxc5 18. Qxe6+ Rd7 19. h3
Qxc2 20. Nc3 Nxc3 21. bxc3 Qxc3 22. Rac1 Qf6 23. Qg4 h5 24. Qe2 Qxf4 25.
Rc3 Qb4 26. Re3 Kc7 27. Qf3 h4 28. Qf5 Qf8 29. Qe5+ Qd6 30. Qg5 Qf6 31. Qg4
d4 32. Rf3 Qd6 33. Qe4 Rhd8 34. Rd3 c5 35. Rb1 b6 36. Ra3 Kb8 37. Ra4 Re7
38. Qd3 Rde8 39. Ra6 Re1+ 40. Rxe1 Rxe1+ 41. Qf1 Rxf1# { White checkmated }
0-1

[Event "ICC tourney 2075 (75 10)"]
[Site "Internet Chess Club"]
[Date "2020.10.25"]
[Round "5"]
[White "kgeisenman32"]
[Black "Chessnaught"]
[Result "1-0"]
[ICCResult "Black checkmated"]
[WhiteElo "1426"]
[BlackElo "1488"]
[Opening "Queen's pawn game"]
[ECO "A46"]
[NIC "QP.05"]
[Time "14:31:36"]
[PlyCount "123"]
[TimeControl "4500+10"]

1. d4 Nf6 2. Nf3 e6 3. Bf4 d5 4. e3 c5 5. c3 Bd6 6. Bxd6 Qxd6 7. Nbd2 Nc6
8. Bd3 O-O 9. O-O e5 10. dxe5 Nxe5 11. Nxe5 Qxe5 12. Nf3 Qc7 13. Qc2 b6 14.
Rfd1 Bb7 15. Rac1 Rad8 16. Be2 Ne4 17. Nd2 Qe5 18. Nxe4 dxe4 19. Rd2 Rxd2
20. Qxd2 Qd5 21. Qxd5 Bxd5 22. c4 Be6 23. Rd1 f5 24. h3 g5 25. Rd6 Kf7 26.
b3 Ke7 27. Rd1 Rd8 28. Rxd8 Kxd8 29. f3 exf3 30. Bxf3 Ke7 31. Kf2 Kf6 32.
Ke2 Ke5 33. Kd3 f4 34. exf4+ Kxf4 35. Bd5 Bf5+ 36. Kd2 Bg6 37. a3 a5 38.
Kc3 Ke3 39. b4 axb4+ 40. axb4 Be4 41. bxc5 bxc5 42. Kb3 Kd4 43. Bxe4 Kxe4
44. Ka4 Kf4 45. Kb5 Kg3 46. Kxc5 Kxg2 47. Kd5 Kxh3 48. c5 g4 49. c6 g3 50.
c7 g2 51. c8=Q+ Kg3 52. Qc1 Kf2 53. Qd2+ Kf1 54. Qf4+ Ke2 55. Qg3 Kf1 56.
Qf3+ Kg1 57. Ke4 Kh2 58. Qf2 Kh1 59. Qh4+ Kg1 60. Kf3 h5 61. Qg3 h4 62.
Qxg2# { Black checkmated } 1-0

[Event "ICC tourney 2075 (75 10)"]
[Site "Internet Chess Club"]
[Date "2020.10.25"]
[Round "6"]
[White "APBrain"]
[Black "mmoss2932"]
[Result "1-0"]
[ICCResult "Black checkmated"]
[WhiteElo "1607"]
[BlackElo "1596"]
[Opening "Queen's pawn, Mason variation"]
[ECO "D00"]
[NIC "QP.08"]
[Time "18:02:30"]
[PlyCount "41"]
[TimeControl "4500+10"]

1. d4 d5 2. Bf4 Nf6 3. e3 c5 4. c3 Nc6 5. Nd2 e6 6. Ngf3 Bd6 7. Bg3 O-O 8.
Bd3 Qc7 9. e4 dxe4 10. Nxe4 Nxe4 11. Bxe4 cxd4 12. Nxd4 Nxd4 13. Qxd4 Rd8
14. Rd1 f6 15. Bxd6 Qa5 16. Qb4 Qxa2 17. O-O a5 18. Qb6 Rd7 19. Bc7 Ra6 20.
Qb5 Rxc7 21. Qe8# { Black checkmated } 1-0

[Event "ICC tourney 2075 (75 10)"]
[Site "Internet Chess Club"]
[Date "2020.10.25"]
[Round "6"]
[White "yogokings12"]
[Black "aakashjr"]
[Result "1/2-1/2"]
[ICCResult "Game drawn by repetition"]
[WhiteElo "1671"]
[BlackElo "1511"]
[Opening "Scandinavian: Marshall variation"]
[ECO "B01"]
[NIC "SD.03"]
[Time "18:02:11"]
[PlyCount "98"]
[TimeControl "4500+10"]

1. e4 d5 2. exd5 Nf6 3. d4 Nxd5 4. c4 Nf6 5. Nf3 Bg4 6. Be2 e6 7. Nc3 Nc6
8. Be3 Bb4 9. O-O O-O 10. h3 Bh5 11. a3 Bxc3 12. bxc3 Ne4 13. Qc2 Bg6 14.
Bd3 Nf6 15. Bxg6 hxg6 16. Rfd1 Qe7 17. d5 exd5 18. cxd5 Ne5 19. Nxe5 Qxe5
20. Bd4 Qd6 21. c4 Rfe8 22. Bxf6 Qxf6 23. Re1 Re5 24. Rad1 Rae8 25. Rxe5
Qxe5 26. Qd3 Qe2 27. c5 Qxd3 28. Rxd3 Rd8 29. Kf1 b6 30. cxb6 axb6 31. Ke2
Kf8 32. Ke3 Ke7 33. Kd4 c6 34. Ke5 cxd5 35. Rxd5 Ra8 36. Rd3 Ra5+ 37. Ke4
Ke6 38. g4 Ra4+ 39. Ke3 Ke5 40. Rb3 Kd5 41. Rxb6 Rxa3+ 42. Kf4 Rxh3 43. Rb7
Ke6 44. Rb6+ Kd5 45. Rb7 Ke6 46. Rb6+ Kd5 47. Rb7 Ke6 48. Rb6+ Kd5 49. Rb7
Ke6 { Game drawn by repetition } 1/2-1/2

[Event "ICC tourney 2075 (75 10)"]
[Site "Internet Chess Club"]
[Date "2020.10.25"]
[Round "6"]
[White "sganzb00"]
[Black "ajiteshgari"]
[Result "1-0"]
[ICCResult "Black resigns"]
[WhiteElo "1535"]
[BlackElo "1464"]
[Opening "Ruy Lopez: four knights (Tarrasch) variation"]
[ECO "C77"]
[NIC "RL.12"]
[Time "18:02:15"]
[PlyCount "115"]
[TimeControl "4500+10"]

1. e4 e5 2. Nf3 Nc6 3. Bb5 a6 4. Ba4 Nf6 5. Nc3 d6 6. d4 Bd7 7. O-O Nxd4 8.
Bxd7+ Qxd7 9. Nxd4 exd4 10. Qxd4 Be7 11. Bf4 O-O 12. Rad1 Qe6 13. Rfe1 Qg4
14. Bg3 Nh5 15. Re3 Bf6 16. Qc4 Bxc3 17. f3 Qg6 18. Qxc3 Nxg3 19. hxg3 Rac8
20. g4 Rfe8 21. Red3 h6 22. Rd5 Re6 23. Kf2 Qf6 24. Qb4 b6 25. Kg3 Re5 26.
Qb3 Rxd5 27. Rxd5 Qe6 28. Qd3 a5 29. a4 Kf8 30. f4 Ke7 31. f5 Qf6 32. b3 g6
33. Qd2 Qg5 34. Qxg5+ hxg5 35. fxg6 fxg6 36. Rxg5 Kf6 37. Rd5 Ke6 38. Rd2
c6 39. Kf4 Rg8 40. g5 Rh8 41. g3 Rf8+ 42. Ke3 Ke5 43. c3 Rf1 44. b4 Re1+
45. Kf3 Rxe4 46. Rxd6 Rc4 47. Rxg6 Rxc3+ 48. Kg4 axb4 49. Rh6 b3 50. Rh1 b2
51. Rb1 Rc4+ 52. Kh5 Rxa4 53. Rxb2 b5 54. g6 Ra8 55. g7 Kf6 56. Kh6 Kf7 57.
Kh7 Rg8 58. Rf2+ { Black resigns } 1-0